 Dungeon Crawl Stone Soup version 0.29.0-4-gdea44cf6ec (webtiles) character file.

Game seed: 1363956762457738900

1959 qw the Cleaver (level 9, -7/79 HPs)
             Began as a Minotaur Berserker on Sept 10, 2022.
             Was a Priest of Trog.
             Engulfed by a cloud of flame (8 damage)
             ... on level 6 of the Dungeon.
             The game lasted 00:02:28 (7006 turns).

qw the Cleaver (Minotaur Berserker)                 Turns: 7006, Time: 00:02:29

Health: -7/79      AC: 13    Str: 26    XL:     9   Next: 0%
Magic:  8/8        EV:  9    Int:  4    God:    Trog [***...]
Gold:   407        SH:  0    Dex: 16    Spells: 8/8 levels left

rFire   . . .      SeeInvis +   Y - +1 hand axe (venom)
rCold   . . .      Faith    .   (no shield)
rNeg    . . .      Spirit   .   e - +0 chain mail
rPois   .          Reflect  .   (helmet restricted)
rElec   .          Harm     .   (no cloak)
rCorr   .          Rampage  .   d - +1 pair of gloves
Will    .....                   j - +0 pair of boots
Stlth   ..........              (no amulet)
HPRegen 0.23/turn               l - ring of see invisible
MPRegen 0.11/turn               o - +6 ring of dexterity

@: no status effects
A: horns 2, retaliatory headbutt
a: Renounce Religion, Berserk, Trog's Hand


You were on level 6 of the Dungeon.
You worshipped Trog.
Trog was most pleased with you.
You visited 1 branch of the dungeon, and saw 6 of its levels.
You also visited: Sewer.

You collected 407 gold pieces.


Innate Abilities, Weirdness & Mutations

You have a pair of horns on your head.
You reflexively headbutt those who attack you in melee.


   Skills:
 - Level 7.4 Fighting
 - Level 12.0 Axes
 + Level 1.0 Throwing
 - Level 4.4 Armour
 - Level 3.0 Dodging


You had 8 spell levels left.
You didn't know any spells.
Your spell library was empty.

Inventory:

Hand Weapons
 c - a +0 morningstar
 Y - a +1 hand axe of venom (weapon)
Missiles
 a - 2 silver boomerangs (quivered)
 k - a boomerang
Armour
 d - a +1 pair of gloves (worn)
 e - a +0 chain mail (worn)
 j - a +0 pair of boots (worn)
Jewellery
 b - a ring of positive energy
 l - a ring of see invisible (left hand)
 o - a +6 ring of dexterity (right hand)
Scrolls
 h - a scroll of identify
Potions
 f - a potion of haste
 i - 4 potions of heal wounds
 m - a potion of attraction {unknown}
 n - a potion of invisibility {unknown}
 p - a potion of resistance {unknown}
 q - a potion of curing

Dungeon Overview and Level Annotations

Branches:
Dungeon (6/15)             Temple (0/1) D:5           Sewer (visited)

Altars:
Ashenzari
Dithmenos
Makhleb
Qazlal
Trog
Vehumet
Xom
The Shining One

Annotations:
D:6 1 runed translucent door, Crazy Yiuf


Message History

Sorry, I don't know how to get there.
Partly explored, can't reach some places.
6963 ||| Stepping randomly (stuck).
Really walk into a travel-excluded area?
You're in a travel-excluded area, stopping explore.
(D) Dungeon (T) Temple
Where to? (* - list waypoints, Enter - D:7, ? - help)
What level of the Dungeon? (default 1, ? - help) You're in a travel-excluded area, stopping travel.
You're in a travel-excluded area, stopping explore.
6964 ||| Stepping randomly (stuck).
You're in a travel-excluded area, stopping explore.
(D) Dungeon (T) Temple
Where to? (* - list waypoints, Enter - D:7, ? - help)
What level of the Dungeon? (default 1, ? - help) You're in a travel-excluded area, stopping travel.
You're in a travel-excluded area, stopping explore.
6965 ||| Stepping randomly (stuck).
You're in a travel-excluded area, stopping explore.
(D) Dungeon (T) Temple
Where to? (* - list waypoints, Enter - D:7, ? - help)
What level of the Dungeon? (default 1, ? - help) You're in a travel-excluded area, stopping travel.
You're in a travel-excluded area, stopping explore.
6966 ||| Stepping randomly (stuck).
Really walk into that cloud of flame?
You are engulfed in blazing flames.
You're standing in a cloud of flame!
You are engulfed in blazing flames.
You start resting.
You are engulfed in blazing flames.
You're standing in a cloud of flame!
You are engulfed in blazing flames.
You're standing in a cloud of flame!
You are engulfed in blazing flames.
You're standing in a cloud of flame!
You are engulfed in blazing flames.
You're standing in a cloud of flame!
You are engulfed in blazing flames.
You die...

# #...............#
# #...............#
#
##..............###
#
##...............#
#
##..........#...##
###..00.0.####..##
##!.._0.# #...#
##.0.00## #...###
#..@...# #.....#
####....##.....#
##..##.....#
.######## #


There were no monsters in sight!

Vanquished Creatures
  Prince Ribbit (D:6)
  Edmund (D:4)
  An ice beast (D:5)
  A black bear (D:6)
  A centaur (D:5)
  4 ogres
  A kobold brigand (D:6)
  2 bullfrogs (D:6)
  2 necrophages
  A scorpion (D:4)
  A howler monkey (D:4)
  A gnoll bouda (D:6)
  A jelly (D:5)
  An orc priest (D:6)
  4 iguanas
  Terence (D:2)
  An orc wizard (D:6)
  A mummy (D:4)
  Robin (D:3)
  16 adders
  8 gnolls
  3 river rats (Sewer)
  3 ufetubi
  5 worms
  2 dart slugs
  9 orcs
  6 endoplasms
  5 giant cockroaches
  18 goblins
  10 hobgoblins
  3 jackals (Sewer)
  7 quokkas
  13 ball pythons
  12 bats
  9 frilled lizards
  A hobgoblin zombie (D:4)
  11 kobolds
  A kobold zombie (D:4)
  5 rats
174 creatures vanquished.

Notes
Turn   | Place    | Note
-------+----------+-------------------------------------------
     0 | D:1      | qw the Minotaur Berserker began the quest for the Orb.
     0 | D:1      | Reached XP level 1. HP: 19/19 MP: 0/0
     0 | D:1      | 0 ||| qw: Version: 0.1-a-116-g5d60599
     0 | D:1      | 0 ||| qw: Game counter: 7573
     0 | D:1      | 0 ||| qw: Always use a shield: true
     0 | D:1      | 0 ||| qw: Do Orc after D:15 true
     0 | D:1      | 0 ||| qw: Do second Lair branch before Depths: true
     0 | D:1      | 0 ||| qw: Lair rune preference: random
     0 | D:1      | 0 ||| qw: Plans: Normal
     0 | D:1      | 0 ||| PLANNING D:1-11
   168 | D:1      | Reached skill level 4 in Axes
   257 | D:1      | Reached XP level 2. HP: 26/26 MP: 1/1
   257 | D:1      | 257 ||| Stepping ~*~*~tactically~*~*~ (stealth).
   379 | D:1      | 379 ||| DROPPING +0 club.
   399 | D:1      | 399 ||| Stepping ~*~*~tactically~*~*~ (stealth).
   400 | D:1      | 400 ||| Stepping ~*~*~tactically~*~*~ (stealth).
   401 | D:1      | 401 ||| Stepping ~*~*~tactically~*~*~ (stealth).
   402 | D:1      | 402 ||| Stepping ~*~*~tactically~*~*~ (stealth).
   403 | D:1      | 403 ||| Stepping ~*~*~tactically~*~*~ (stealth).
   916 | D:1      | 916 ||| Stepping ~*~*~tactically~*~*~ (stealth).
   960 | D:1      | 960 ||| UPGRADING to +0 pair of gloves.
   965 | D:1      | 965 ||| UPGRADING to +0 leather armour.
   975 | D:1      | 975 ||| DROPPING +0 animal skin.
   976 | D:1      | 976 ||| UPGRADING to +0 ring mail.
   986 | D:1      | 986 ||| DROPPING +0 leather armour.
   987 | D:1      | 987 ||| UPGRADING to ring of positive energy.
   988 | D:1      | 988 ||| READING scroll labelled LOINYI ACRUFF.
  1084 | D:2      | You fall into a shaft and drop 1 floor!
  1085 | D:3      | Found a shadowy altar of Dithmenos.
  1093 | D:3      | Reached skill level 5 in Axes
  1093 | D:3      | Reached XP level 3. HP: 25/31 MP: 2/2
  1192 | D:3      | Reached ** piety under Trog
  1307 | D:3      | Reached skill level 1 in Throwing
  1344 | D:3      | Found a shimmering altar of Xom.
  1453 | D:3      | 1453 ||| UPGRADING to +0 chain mail.
  1463 | D:3      | 1463 ||| DROPPING +0 ring mail.
  1464 | D:3      | 1464 ||| READING 2 scrolls labelled RAGITS GULEVEH.
  1465 | D:3      | 1465 ||| DROPPING +0 mace.
  1466 | D:3      | 1466 ||| READING scroll of brand weapon.
  1466 | D:3      | 1466 ||| BRANDING +0 hand axe of flaming.
  1478 | D:2      | Found a faded altar of an unknown god.
  1523 | D:2      | 1523 ||| Stepping ~*~*~tactically~*~*~ (stealth).
  1549 | D:2      | 1549 ||| Stepping ~*~*~tactically~*~*~ (stealth).
  1555 | D:2      | 1555 ||| Stepping ~*~*~tactically~*~*~ (stealth).
  1556 | D:2      | 1556 ||| INVOKING Berserk.
  1558 | D:2      | Reached XP level 4. HP: 39/39 MP: 3/3
  1565 | D:2      | Reached skill level 6 in Axes
  1687 | D:2      | 1687 ||| DROPPING +0 whip.
  1818 | D:2      | 1818 ||| FLEEEEING.
  1819 | D:2      | 1819 ||| FLEEEEING.
  1894 | D:2      | Noticed Terence
  1896 | D:2      | 1896 ||| INVOKING Berserk.
  1898 | D:2      | Killed Terence
  1899 | D:2      | Reached XP level 5. HP: 45/45 MP: 4/4
  2347 | D:2      | 2347 ||| UPGRADING to +0 pair of boots.
  2352 | D:2      | 2352 ||| READING scroll labelled VUAPHE NONUUM.
  2555 | D:3      | Reached skill level 7 in Axes
  2695 | D:3      | Found a bloodstained altar of Trog.
  2700 | D:3      | 2700 ||| READING scroll labelled TOCAPR NOOLUAK.
  2724 | D:3      | 2724 ||| DRINKING 2 viscous green potions.
  2755 | D:3      | 2755 ||| DROPPING potion of lignification.
  2756 | D:3      | 2756 ||| Stepping randomly (stuck).
  2758 | D:3      | 2758 ||| Stepping randomly (stuck).
  2760 | D:3      | 2760 ||| Stepping randomly (stuck).
  2761 | D:3      | 2761 ||| Stepping randomly (stuck).
  2762 | D:3      | 2762 ||| Stepping randomly (stuck).
  2786 | D:3      | 2786 ||| DRINKING 2 fizzy black potions.
  2787 | D:3      | 2787 ||| Stepping randomly (stuck).
  2788 | D:3      | 2788 ||| Stepping randomly (stuck).
  2789 | D:3      | 2789 ||| Stepping randomly (stuck).
  2790 | D:3      | 2790 ||| Stepping randomly (stuck).
  2791 | D:3      | 2791 ||| Stepping randomly (stuck).
  2791 | D:3      | Found a stormy altar of Qazlal.
  2807 | D:3      | 2807 ||| Stepping randomly (stuck).
  2961 | D:3      | 2961 ||| READING scroll labelled ODUODE VEUBB.
  2974 | D:4      | Noticed Robin
  2975 | D:4      | 2975 ||| PLANNING OSSUARY
  2975 | D:4      | 2975 ||| STAIRDANCE
  2980 | D:4      | 2980 ||| STAIRDANCE
  3038 | D:4      | 3038 ||| STAIRDANCE
  3040 | D:3      | Reached *** piety under Trog
  3084 | D:4      | 3084 ||| STAIRDANCE
  3086 | D:3      | 3086 ||| INVOKING Berserk.
  3087 | D:3      | Killed Robin
  3239 | D:4      | Noticed Edmund
  3243 | D:4      | 3243 ||| INVOKING Berserk.
  3246 | D:4      | Killed Edmund
  3247 | D:4      | Reached skill level 8 in Axes
  3247 | D:4      | Reached XP level 6. HP: 52/52 MP: 5/5
  3344 | D:4      | 3344 ||| Stepping ~*~*~tactically~*~*~ (stealth).
  3345 | D:4      | 3345 ||| Stepping ~*~*~tactically~*~*~ (stealth).
  3350 | D:4      | 3350 ||| INVOKING Berserk.
  3354 | D:4      | Reached skill level 3 in Armour
  3436 | D:4      | 3436 ||| DROPPING +0 flail.
  3517 | D:4      | 3517 ||| Stepping ~*~*~tactically~*~*~ (stealth).
  3579 | D:4      | 3579 ||| RIP OSSUARY
  3599 | D:4      | 3599 ||| PLANNING D:1-11
  3666 | D:4      | 3666 ||| Stepping ~*~*~tactically~*~*~ (stealth).
  3670 | D:4      | 3670 ||| Stepping ~*~*~tactically~*~*~ (stealth).
  3857 | D:4      | Found a broken altar of Ashenzari.
  3988 | D:4      | 3988 ||| INVOKING Berserk.
  3990 | D:4      | Reached skill level 9 in Axes
  3990 | D:4      | Reached XP level 7. HP: 59/59 MP: 6/6
  4330 | D:4      | 4330 ||| READING scroll labelled ESACVI MENACH.
  4331 | D:4      | 4331 ||| READING 2 scrolls of identify.
  4331 | D:4      | 4331 ||| IDENTIFYING fuming black potion
  4373 | D:5      | Entered Level 5 of the Dungeon
  4374 | D:5      | 4374 ||| PLANNING SEWER
  4588 | D:5      | 4588 ||| Stepping ~*~*~tactically~*~*~ (stealth).
  4589 | D:5      | 4589 ||| Stepping ~*~*~tactically~*~*~ (stealth).
  4593 | D:5      | 4593 ||| INVOKING Berserk.
  4713 | D:5      | Found a glowing drain.
  4719 | D:5      | 4719 ||| INVOKING Berserk.
  4730 | D:5      | 4730 ||| FLEEEEING.
  4732 | D:5      | 4732 ||| FLEEEEING.
  4733 | D:5      | 4733 ||| FLEEEEING.
  4742 | D:5      | 4742 ||| FLEEEEING.
  4795 | D:5      | 4795 ||| Stepping ~*~*~tactically~*~*~ (water).
  4819 | Sewer    | Entered a sewer
  4960 | Sewer    | 4960 ||| Stepping ~*~*~tactically~*~*~ (water).
  5023 | Sewer    | Reached skill level 10 in Axes
  5371 | Sewer    | 5371 ||| READING 3 scrolls labelled JES WUESHA.
  5372 | Sewer    | 5372 ||| READING scroll labelled RUH KIXENA.
  5373 | Sewer    | 5373 ||| READING 2 scrolls labelled XIDOVO OQOE.
  5374 | Sewer    | 5374 ||| DRINKING 2 lumpy grey potions.
  5375 | Sewer    | 5375 ||| DROPPING 2 scrolls of fear.
  5376 | Sewer    | 5376 ||| DROPPING scroll of amnesia.
  5399 | D:5      | 5399 ||| PLANNING D:1-11
  5440 | D:5      | Found a glowing golden altar of the Shining One.
  5443 | D:5      | 5443 ||| Stepping ~*~*~tactically~*~*~ (hiding).
  5446 | D:5      | 5446 ||| Stepping ~*~*~tactically~*~*~ (hiding).
  5523 | D:5      | Found a burning altar of Makhleb.
  5534 | D:5      | Found a staircase to the Ecumenical Temple.
  5566 | D:5      | 5566 ||| Stepping ~*~*~tactically~*~*~ (stealth).
  5568 | D:5      | 5568 ||| INVOKING Berserk.
  5571 | D:5      | Reached skill level 6 in Fighting
  5571 | D:5      | Reached XP level 8. HP: 70/70 MP: 7/7
  5636 | D:5      | 5636 ||| Stepping ~*~*~tactically~*~*~ (stealth).
  5947 | D:5      | 5947 ||| UPGRADING to +6 ring of dexterity.
  5948 | D:5      | 5948 ||| READING 2 scrolls labelled ESKAWAMAIL.
  5949 | D:5      | 5949 ||| READING scroll of enchant armour.
  5949 | D:5      | 5949 ||| ENCHANTING +0 pair of gloves.
  5950 | D:5      | 5950 ||| READING scroll labelled XAEKHI FOE.
  5951 | D:5      | 5951 ||| READING scroll labelled ITONKA PUDULOS.
  5952 | D:5      | 5952 ||| READING scroll labelled WOTHRU EZYAWKEIJ.
  5953 | D:5      | 5953 ||| READING 2 scrolls of identify.
  5953 | D:5      | 5953 ||| IDENTIFYING bubbling ruby potion
  5954 | D:5      | 5954 ||| DROPPING potion of berserk rage.
  5969 | D:6      | 5969 ||| STAIRDANCE
  5971 | D:5      | 5971 ||| DRINKING potion of curing.
  5971 | D:5      | 5971 ||| (to cure confusion)
  5988 | D:6      | 5988 ||| STAIRDANCE
  6079 | D:6      | 6079 ||| STAIRDANCE
  6184 | D:6      | 6184 ||| INVOKING Berserk.
  6331 | D:6      | 6331 ||| Stepping ~*~*~tactically~*~*~ (stealth).
  6332 | D:6      | 6332 ||| Stepping ~*~*~tactically~*~*~ (stealth).
  6337 | D:6      | Reached skill level 11 in Axes
  6349 | D:6      | 6349 ||| Stepping ~*~*~tactically~*~*~ (stealth).
  6350 | D:6      | 6350 ||| Stepping ~*~*~tactically~*~*~ (stealth).
  6355 | D:6      | Reached skill level 3 in Dodging
  6358 | D:6      | 6358 ||| INVOKING Berserk.
  6369 | D:6      | 6369 ||| FLEEEEING.
  6370 | D:6      | 6370 ||| FLEEEEING.
  6372 | D:6      | 6372 ||| FLEEEEING.
  6375 | D:6      | 6375 ||| STAIRDANCE
  6477 | D:5      | 6477 ||| UPGRADING to ring of see invisible.
  6479 | D:5      | 6479 ||| READING scroll labelled DITO PEPNAULO.
  6508 | D:6      | 6508 ||| STAIRDANCE
  6524 | D:6      | 6524 ||| DROPPING +2 flail of protection.
  6541 | D:6      | 6541 ||| Stepping ~*~*~tactically~*~*~ (hiding).
  6542 | D:6      | 6542 ||| Stepping ~*~*~tactically~*~*~ (hiding).
  6545 | D:6      | 6545 ||| INVOKING Berserk.
  6548 | D:6      | Reached skill level 12 in Axes
  6649 | D:6      | Found a radiant altar of Vehumet.
  6752 | D:6      | Found a runed translucent door.
  6753 | D:6      | Noticed Crazy Yiuf
  6793 | D:6      | Noticed Prince Ribbit
  6796 | D:6      | 6796 ||| INVOKING Berserk.
  6808 | D:6      | Killed Prince Ribbit
  6838 | D:6      | Reached XP level 9. HP: 71/79 MP: 8/8
  6956 | D:6      | 6956 ||| READING 2 scrolls of identify.
  6956 | D:6      | 6956 ||| IDENTIFYING bubbling red potion
  6957 | D:6      | 6957 ||| DROPPING potion of brilliance.
  6958 | D:6      | 6958 ||| Stepping randomly (stuck).
  6959 | D:6      | 6959 ||| Stepping randomly (stuck).
  6960 | D:6      | 6960 ||| Stepping randomly (stuck).
  6961 | D:6      | 6961 ||| Stepping randomly (stuck).
  6962 | D:6      | 6962 ||| Stepping randomly (stuck).
  6963 | D:6      | 6963 ||| Stepping randomly (stuck).
  6964 | D:6      | 6964 ||| Stepping randomly (stuck).
  6965 | D:6      | 6965 ||| Stepping randomly (stuck).
  6966 | D:6      | 6966 ||| Stepping randomly (stuck).
  7005 | D:6      | HP: 1/79 [something (20)]
  7006 | D:6      | Engulfed by a cloud of flame

Levels and vault maps discovered:
D:1:      wheals_arrival_linesprint, layout_loops_cross, supply_closet_lemuel
D:2:      layout_basic, ebering_ecumenical_altar_webs, uniq_terence
D:3:      layout_loops_ring, grunt_dithmenos_smoke,
          nicolae_overflow_crystal_walls, mainiacjoe_overflow_large_starburst
D:4:      layout_cave_pods, cheibrodos_ashenzari_chains,
          nicolae_ossuary_entry_giza, chequers_serial_rivers_small_3,
          corexii_item_surrounded_by_moat, uniq_robin, uniq_edmund
D:5:      layout_loops_ring, mainiacjoe_overflow_tiny_flanked,
          kennysheep_little_box, minmay_temple_entry_glass,
          cheibrodos_sewer_entry_bend, grunt_ministairs_2
D:6:      layout_rooms, fiery_altar_vehumet, uniq_crazy_yiuf_cottage,
          uniq_prince_ribbit1

Skill      XL: |  1  2  3  4  5  6  7  8 |
---------------+-------------------------+-----
Axes           | 4 5 6 8 9 10 12 | 12.0
Throwing       | 1 |  1.0
Fighting       | 4 6 7 |  7.4
Armour         | 3 4 |  4.4
Dodging        | 3 |  3.0

Action                   |  1- 3 |  4- 6 |  7- 9 || total
-------------------------+-------+-------+-------++-------
Melee: Hand axe          |    58 |    91 |   163 ||   312
       Headbutt          |     7 |    13 |    28 ||    48
       Punch             |       |     1 |     4 ||     5
Throw: Javelin           |    28 |    11 |       ||    39
       Boomerang         |     9 |    48 |    49 ||   106
Invok: Berserk           |     1 |     5 |     7 ||    13
  Use: Scroll            |     3 |     3 |    13 ||    19
       Potion            |       |     2 |     2 ||     4
Armor: Animal skin       |     9 |       |       ||     9
       Ring mail         |     4 |       |       ||     4
       Chain mail        |     4 |    52 |    63 ||   119
Dodge: Dodged            |    31 |    32 |    58 ||   121

Table legend:
 A = Non-vault XP
 B = Vault XP
 C = Vault XP percentage of total XP
 D = Non-vault monster count
 E = Vault monster count
 F = Vault count percentage of total count
                 A         B        C        D         E       F
            +---------+---------+-------+---------+---------+-------
      Total |    2082 |     717 |  25.6 |     122 |      52 |  29.9
            +---------+---------+-------+---------+---------+-------
        D:1 |      32 |       0 |   0.0 |      22 |       0 |   0.0
        D:2 |      98 |      38 |  27.9 |      24 |       1 |   4.0
        D:3 |      82 |      32 |  28.1 |      21 |      10 |  32.3
        D:4 |     411 |     182 |  30.7 |      16 |       7 |  30.4
        D:5 |     711 |      57 |   7.4 |      15 |       4 |  21.1
        D:6 |     748 |     277 |  27.0 |      24 |       1 |   4.0
      Sewer |       0 |     131 | 100.0 |       0 |      29 | 100.0
            +---------+---------+-------+---------+---------+-------
